 Dungeon Crawl Stone Soup version 0.21.1-1-g345015f (webtiles) character file.

3610 empire the Carver (level 9, -1/70 HPs)
             Began as a Minotaur Fighter on May 29, 2018.
             Was an Initiate of Cheibriados.
             Slain by Joseph
             ... wielding a +0 quarterstaff
              (7 damage)
             ... on level 8 of the Dungeon.
             The game lasted 00:18:21 (6471 turns).

empire the Carver (Minotaur Fighter)                Turns: 6471, Time: 00:18:21

Health: -1/70      AC: 10    Str: 23    XL:     9   Next: 86%
Magic:  0/9        EV:  8    Int:  6    God:    Cheibriados [......]
Gold:   361        SH: 11    Dex: 13    Spells: 8/8 levels left

rFire    . . .     SeeInvis .   a - +1 long sword
rCold    . . .     Gourm    .   c - +1 shield
rNeg     . . .     Faith    .   q - +2 ring mail {rPois}
rPois    +         Spirit   +   (helmet restricted)
rElec    .         Reflect  .   e - +0 cloak
rCorr    .         Harm     .   (no gloves)
MR       .....                  (no boots)
Stlth    +.........             l - amulet of guardian spirit
HPRegen  0.21/turn              p - ring of wizardry
MPRegen  0.11/turn              v - ring of poison resistance

@: very slow
A: retaliatory headbutt, horns 2
a: Bend Time, Renounce Religion


You were on level 8 of the Dungeon.
You worshipped Cheibriados.
Cheibriados was noncommittal.
You were near starving.

You visited 2 branches of the dungeon, and saw 9 of its levels.
You also visited: Sewer.

You collected 361 gold pieces.

Inventory:

Hand Weapons
 a - a +1 long sword (weapon)
Missiles
 o - 6 javelins (quivered)
Armour
 c - a +1 shield (worn)
 e - a +0 cloak (worn)
 q - a +2 ring mail of poison resistance (worn)
Jewellery
 l - an amulet of guardian spirit (around neck)
 p - a ring of wizardry (left hand)
 v - a ring of poison resistance (right hand)
Wands
 i - a wand of disintegration (24)
 y - a wand of digging (15)
 B - a wand of acid (6)
Scrolls
 b - a scroll of teleportation
 j - a scroll of enchant armour
 k - 2 scrolls of remove curse
 m - a scroll of enchant weapon
 r - 4 scrolls of fear
 t - a scroll of fog
 u - 2 scrolls of amnesia
 x - 3 scrolls of identify
Potions
 d - a potion of flight
 g - 3 potions of curing
 h - 3 potions of brilliance
 D - 2 potions of cancellation
 E - 2 potions of might
Comestibles
 f - 13 rations


   Skills:
 - Level 3.6 Fighting
 * Level 13.0 Long Blades
 - Level 3.0 Throwing
 + Level 10.0 Armour
 - Level 3.6 Shields
 + Level 1.3 Invocations
 + Level 1.2 Evocations


You had 8 spell levels left.
You didn't know any spells.

Dungeon Overview and Level Annotations

Branches:
Dungeon (8/15)             Temple (1/1) D:6
   Lair: D:8-11

Altars:
Ashenzari
Cheibriados
Dithmenos
Fedhas
Gozag
Hepliaklqana
Kikubaaqudgha
Makhleb
Nemelex Xobeh
Okawaru
Qazlal
Ru
Trog
Uskayaw
Vehumet
Wu Jian
Xom
Yredelemnul
Zin
The Shining One

Annotations:
D:8 exclusion: ice statue, Joseph


Innate Abilities, Weirdness & Mutations

You reflexively headbutt those who attack you in melee.
You have a pair of horns on your head.


Message History

Your shield prevents you from hitting Joseph.
Your headbutt misses Joseph.
Joseph is heavily wounded.
Joseph hits you with an uncursed quarterstaff.
* * * LOW HITPOINT WARNING * * *
You closely miss Joseph.
Joseph is heavily wounded.
You hit Joseph.
Joseph is heavily wounded.
Joseph tries to grin evilly.
Joseph barely misses you.
Okay, then.
You slash Joseph!
Joseph is severely wounded.
Joseph hits you with an uncursed quarterstaff!
* * * LOW HITPOINT WARNING * * *
Unknown command.
You feel better.
Joseph hits you with an uncursed quarterstaff!
You die...

#. #. ##.## #....
#...# #....
######..#####.#.
.........@@......
......#.(#####.##
...#.#..# #.#
###.#.#..# #.#
#..<.....# #.#
....#.#.######.#
...............#
###.(.#<#..#####
###.##⌠...⌠#


You could see Joseph.

Vanquished Creatures
  Pikel (D:4)
  Grinder (D:3)
  Sigmund (D:4)
  Eustachio (D:4)
  Edmund (D:6)
  2 orc warriors
  A slave (D:4)
  Purgy (Sewer)
  An ice beast (D:6)
  3 ogres
  2 centaurs
  A phantom (D:6)
  4 bullfrogs
  A scorpion (D:6)
  4 killer bees (D:3)
  3 wights (D:6)
  2 crimson imps (D:5)
  A quasit (D:5)
  A bullfrog zombie (D:8)
  4 hounds
  4 orc wizards
  3 orc priests
  2 gnoll shamans (D:6)
  Terence (D:3)
  Jessica (D:3)
  An iguana (D:7)
  7 worker ants
  A killer bee zombie (D:6)
  A hound skeleton (D:5)
  9 gnolls
  11 adders
  3 shadow imps
  2 adder zombies
  2 adder skeletons
  2 dart slugs (D:1)
  11 leopard geckos
  19 orcs
  13 giant cockroaches
  7 goblins
  7 hobgoblins
  12 jackals
  6 kobolds
  3 quokkas (D:2)
  4 ball pythons
  A ball python skeleton (D:4)
  4 bats
  11 frilled lizards
  A jackal skeleton (D:5)
  6 rats
191 creatures vanquished.

Vanquished Creatures (others)
  An orc (D:4)
1 creature vanquished.

Grand Total: 192 creatures vanquished

Notes
Turn   | Place    | Note
-------+----------+-------------------------------------------
     0 | D:1      | empire the Minotaur Fighter began the quest for the Orb.
     0 | D:1      | Reached XP level 1. HP: 19/19 MP: 0/0
    79 | D:1      | Reached skill level 3 in Long Blades
    88 | D:1      | Reached XP level 2. HP: 26/26 MP: 1/1
   178 | D:1      | You fall through a shaft!
   234 | D:2      | Reached XP level 3. HP: 27/31 MP: 2/2
   236 | D:2      | Reached skill level 4 in Long Blades
   337 | D:2      | Found a radiant altar of Vehumet.
   361 | D:2      | Reached XP level 4. HP: 30/39 MP: 3/3
  1226 | D:2      | Found an ornate altar of the Wu Jian Council.
  1346 | D:3      | Reached skill level 5 in Long Blades
  1346 | D:3      | Reached skill level 1 in Throwing
  1374 | D:3      | Noticed Grinder
  1401 | D:3      | Killed Grinder
  1401 | D:3      | Reached skill level 6 in Long Blades
  1401 | D:3      | Reached skill level 5 in Armour
  1401 | D:3      | Reached XP level 5. HP: 21/45 MP: 1/4
  1401 | D:3      | Reached XP level 6. HP: 24/51 MP: 1/5
  1694 | D:3      | Reached skill level 7 in Long Blades
  1694 | D:3      | Reached XP level 7. HP: 25/57 MP: 3/6
  1707 | D:3      | Noticed Jessica
  1714 | D:3      | Killed Jessica
  1872 | D:3      | Noticed Terence
  1892 | D:3      | Killed Terence
  2369 | D:4      | Noticed Eustachio
  2387 | D:4      | Killed Eustachio
  2387 | D:4      | Reached skill level 8 in Long Blades
  2416 | D:4      | Noticed Sigmund
  2449 | D:4      | Killed Sigmund
  2449 | D:4      | Reached XP level 8. HP: 59/64 MP: 7/7
  2469 | D:4      | Found a hazy altar of Hepliaklqana.
  2498 | D:4      | Noticed Pikel
  2578 | D:4      | Killed Pikel
  2578 | D:4      | Reached skill level 10 in Long Blades
  3251 | D:5      | Entered Level 5 of the Dungeon
  3308 | D:5      | Noticed an angel
  3309 | D:5      | Found a glowing silver altar of Zin.
  3310 | D:5      | Found a shimmering altar of Xom.
  3452 | D:5      | Got a blackened whip
  3821 | D:5      | Reached skill level 11 in Long Blades
  4075 | D:6      | Found a glowing drain.
  4109 | Sewer    | Entered a sewer
  4160 | Sewer    | Noticed Purgy
  4167 | Sewer    | Killed Purgy
  4167 | Sewer    | Reached XP level 9. HP: 68/70 MP: 6/8
  4320 | D:6      | Noticed Edmund
  4331 | D:6      | Killed Edmund
  4333 | D:6      | Identified the cursed +0 whip "Seafaetz" {speed, +Fly rC- rN+ Str+7} (You found it on level 5 of the Dungeon)
  4468 | D:6      | Reached skill level 12 in Long Blades
  4741 | D:6      | Found a stormy altar of Qazlal.
  4741 | D:6      | Found a blossoming altar of Fedhas.
  4897 | D:6      | Found a burning altar of Makhleb.
  4897 | D:6      | Found a hide-covered altar of Uskayaw.
  5167 | D:6      | Found a staircase to the Ecumenical Temple.
  5179 | Temple   | Entered the Ecumenical Temple
  5270 | Temple   | Became a worshipper of Cheibriados the Contemplative
  5671 | D:7      | Found a sacrificial altar of Ru.
  5759 | D:7      | Reached skill level 10 in Armour
  5763 | D:7      | Reached skill level 1 in Invocations
  5804 | D:7      | Found a bloodstained altar of Trog.
  5834 | D:7      | Reached skill level 1 in Evocations
  6388 | D:8      | Noticed an ice statue
  6395 | D:8      | Reached skill level 13 in Long Blades
  6458 | D:8      | Noticed Joseph
  6470 | D:8      | HP: 1/70 [Joseph/uncursed quarterstaff (11)]
  6471 | D:8      | Slain by Joseph

Skill      XL: |  1  2  3  4  5  6  7  8  9 |
---------------+----------------------------+-----
Long Blades    | 3 4 6 7 8 11 13 | 13.0
Armour         | 4 5 7 8 10 | 10.0
Throwing       | 2 3 |  3.0
Invocations    | 1 |  1.3
Evocations     | 1 |  1.2
Fighting       | |  3.6
Shields        | |  3.6

Action                   |  1- 3 |  4- 6 |  7- 9 || total
-------------------------+-------+-------+-------++-------
Melee: Long sword        |    73 |   127 |   492 ||   692
       Headbutt          |     8 |    15 |    90 ||   113
  Use: Potion            |       |     3 |    10 ||    13
       Scroll            |       |       |    14 ||    14
  Eat: Chunk             |       |     3 |    15 ||    18
Armor: Scale mail        |    42 |    21 |       ||    63
       Chain mail        |       |    50 |    97 ||   147
       Skin              |       |       |    31 ||    31
       Ring mail         |       |       |   108 ||   108
Dodge: Dodged            |    30 |    38 |   155 ||   223
Block: Shield            |    35 |    83 |   288 ||   406
       Rpst.: Long sword |     7 |    13 |    45 ||    65
